 Dungeon Crawl Stone Soup version bcrawl-1.12.2 (webtiles) character file.

Game seed: 2796092958005055627

8807 Morbidden the Cruncher (level 11, -2/95 HPs)
             Began as an Oni Archaeologist on July 18, 2019.
             Was a Believer of Makhleb.
             Slain by an orc warrior
             ... wielding a +0 halberd
              (16 damage)
             ... on level 9 of the Dungeon.
             The game lasted 00:19:50 (9447 turns).

Morbidden the Cruncher (Oni Archaeologist)          Turns: 9447, Time: 00:19:50

Health: -2/95      AC: 16    Str: 17    XL:     11   Next: 36%
Magic:  13/13      EV:  7    Int: 15    God:    Makhleb [**....]
Gold:   792        SH:  0    Dex: 11    Spells: 10/10 levels left

rFire    . . .     SeeInvis .   w - +16 sapphire dagger {flash freeze, rF- rC++ MR+}
rCold    + . .     Gourm    .   (no shield)
rNeg     . . .     Faith    .   e - +0 plate armour
rPois    +         Spirit   .   c - +1 hat
rElec    .         Reflect  .   (no cloak)
rCorr    .         Harm     .   (no gloves)
MR       +....                  d - +1 pair of boots
Stlth    ..........             (no amulet)
HPRegen  0.25/turn              r - ring of poison resistance
MPRegen  0.13/turn              i - ring of fire

@: no status effects
A: oni magic, claws 1, fangs 1, horns 1
a: Minor Destruction, Renounce Religion


You were on level 9 of the Dungeon.
You worshipped Makhleb.
Makhleb was pleased with you.
You were hungry.

You visited 2 branches of the dungeon, and saw 10 of its levels.

You collected 792 gold pieces.

Inventory:

Hand Weapons
 f - the +7 lajatang of Order {silver, rMut}

   It protects you from mutation.
 w - the +16 sapphire dagger (weapon) {flash freeze, rF- rC++ MR+}
   (You found it on level 9 of the Dungeon)

   It has been specially enchanted to freeze those struck by it, causing extra
   injury to most foes and up to half again as much damage against particularly
   susceptible opponents.
   It can also slow down cold-blooded creatures.
   It makes you vulnerable to fire.
   It greatly protects you from cold.
   It affects your resistance to hostile enchantments.
Missiles
 F - a throwing net (quivered) {!f}
Armour
 c - a +1 hat (worn)
 d - a +1 pair of boots (worn)
 e - a +0 plate armour (worn)
Jewellery
 i - a ring of fire (right claw)
 r - a ring of poison resistance (left claw)
Wands
 a - a wand of flame (28)
 b - a wand of random effects (10)
 x - a wand of polymorph (12)
 y - a wand of iceblast (4)
 D - a wand of acid (7)
 E - a wand of disintegration (16)
Scrolls
 j - 2 scrolls of amnesia
 k - 5 scrolls of teleportation
 l - a scroll of fear {unknown}
 n - a scroll of enchant weapon {unknown}
 o - 14 scrolls of identify
 p - 3 scrolls of noise
 q - a scroll of fog {unknown}
 s - a scroll of vulnerability {unknown}
 t - 5 scrolls of remove curse
 v - a scroll of enchant armour {unknown}
 A - 2 scrolls of magic mapping {unknown}
 H - a scroll of immolation {unknown}
Potions
 h - 4 potions of agility
 m - a potion of curing
 u - a potion of degeneration
 z - a potion of lignification {unknown}
 B - a potion of mutation {unknown}
 C - a potion of haste
 G - a potion of brilliance {unknown}
Comestibles
 g - 25 rations {!d}
 I - 3 chunks of flesh


   Skills:
 * Level 8.8 Fighting
 * Level 4.2 Short Blades
   Level 6.3(6.4) Axes
   Level 1.9(8.9) Maces & Flails
 + Level 10.5(10.6) Staves
 + Level 6.4 Armour
 + Level 4.7 Dodging
 + Level 3.0 Stealth


You had 10 spell levels left.
You didn't know any spells.
Your spell library contained the following spells:

 Spells                   Type           Power        Failure   Level  Hunger
 Apportation              Tloc           #.....       100%        1    ##.....
 Throw Frost              Conj/Ice       #.....       100%        2    ###....
 Dazzling Spray           Conj/Hex       #.....       100%        3    ####...
 Stone Arrow              Conj/Erth      #.....       100%        3    ####...
 Petrify                  Tmut/Erth      #.......     100%        4    #####..


Dungeon Overview and Level Annotations

Branches:
Dungeon (9/12)             Temple (1/1) D:4            Lair (0/6) D:7
    Orc: D:8-11

Altars:
Ashenzari
Cheibriados
Elyvilon
Fedhas
Hepliaklqana
Kikubaaqudgha
Lugonu
Makhleb
Nemelex Xobeh
Okawaru
Ru
Sif Muna
Trog
Uskayaw
Vehumet
Wu Jian
Xom
Yredelemnul
Zin
The Shining One

Shops:
D:5 %   D:9 }


Innate Abilities, Weirdness & Mutations

You learn spells by gaining experience, not through books or religion.
You only train spellcasting to practice magic.
You have sharp fingernails.
You have very sharp teeth.
You have a pair of small horns on your head.


Message History

* * * LOW HITPOINT WARNING * * *
Items here: ))) [[ † Your plate armour prevents you from hitting the orc priest.
* * * LOW HITPOINT WARNING * * *
You feel sick.
The orc priest calls down the wrath of Beogh upon you.
Beogh smites you!
* * * LOW HITPOINT WARNING * * *
The orc hits you but does no damage.
The orc warrior hits you but does no damage.
Unknown command.
Unknown command.
Unknown command.
You feel better. The orc hits you but does no damage.
The orc priest hits you but does no damage.
Unknown command.
You hit the orc warrior but do no damage.
You headbutt the orc warrior, but do no damage.
The orc warrior hits you with a +0 halberd!
You die...

##.####... .#
#..#..###. ##.##
##.##....## # #...#
#..#.....#. #. #...#
##.##....##. #.. #...
#...###..'..
#...##..##.#'#...####.#
#....ooo...#.###...#..#
#@# ###...###...##
#.#.##..#...###.#.
#.#.##.####...####
#...#..#..#'#...#.
#.###.##....##.##.
#.##..#....)#..#..
#.##.##....##.##.#
#.....###..#..#..+
#####...####.##.##


You could see an orc warrior, an orc priest and an orc.

Vanquished Creatures
  A hydra (D:9)
  Psyche (D:9)
  3 two-headed ogres
  A deep elf mage (D:9)
  3 trolls
  Sigmund (D:3)
  4 vampire mosquitoes (D:9)
  3 soldier ants (D:8)
  A water moccasin (D:8)
  A porcupine (D:7)
  An orc warrior (D:7)
  Duvessa (D:6)
  3 phantoms
  2 ice beasts
  A black bear (D:7)
  2 ogres
  4 centaurs
  3 crocodiles
  A big kobold (D:9)
  4 bullfrogs
  Dowan (D:6)
  A howler monkey (D:5)
  3 wights
  6 crimson imps
  2 bullfrog zombies (D:5)
  3 orc priests
  A bullfrog skeleton (D:7)
  A hound (D:7)
  5 orc wizards
  4 centaur skeletons
  9 worker ants
  A hound skeleton (D:3)
  A worker ant zombie (D:9)
  7 adders
  A shadow imp (D:5)
  3 adder zombies
  5 worms
  2 dart slugs
  4 leopard geckos
  28 orcs
  10 bats
  5 giant cockroaches
  4 goblins
  5 hobgoblins
  15 jackals
  4 quokkas
  2 ball pythons (D:1)
  A frilled lizard (D:1)
  17 kobolds
  A leopard gecko skeleton (D:5)
  A quokka skeleton (D:5)
  9 rats
203 creatures vanquished.

Vanquished Creatures (others)
  A fungus (D:7)
1 creature vanquished.

Grand Total: 204 creatures vanquished

Notes
Turn   | Place    | Note
-------+----------+-------------------------------------------
     0 | D:1      | Morbidden the Oni Archaeologist began the quest for the
                  | Orb.
     0 | D:1      | Reached XP level 1. HP: 16/16 MP: 3/3
   205 | D:1      | Reached XP level 2. HP: 20/23 MP: 4/4
   657 | D:1      | Reached XP level 3. HP: 27/28 MP: 5/5
  1043 | D:2      | Found a blossoming altar of Fedhas.
  1577 | D:2      | Reached skill level 1 in Staves
  1579 | D:2      | Reached XP level 4. HP: 32/36 MP: 6/6
  1878 | D:3      | Noticed Sigmund
  1891 | D:3      | Killed Sigmund
  1891 | D:3      | Reached skill level 1 in Axes
  1891 | D:3      | Reached skill level 3 in Staves
  1891 | D:3      | Reached XP level 5. HP: 40/44 MP: 7/7
  1891 | D:3      | Reached XP level 6. HP: 45/50 MP: 8/8
  2276 | D:3      | Reached skill level 1 in Armour
  2373 | D:4      | Noticed a moth of wrath
  2376 | D:4      | Found a bloodstained altar of Trog.
  2501 | D:4      | Reached XP level 7. HP: 51/57 MP: 9/9
  2618 | D:4      | Found a staircase to the Ecumenical Temple.
  2629 | Temple   | Entered the Ecumenical Temple
  2688 | Temple   | Became a worshipper of Makhleb the Destroyer
  3153 | D:5      | Entered Level 5 of the Dungeon
  3186 | D:5      | Found Cayvuvakh's Food Shop.
  3200 | D:5      | Reached skill level 4 in Staves
  3535 | D:5      | Noticed a troll
  3632 | D:5      | Reached skill level 5 in Staves
  3826 | D:5      | Noticed a troll
  3987 | D:5      | Reached XP level 8. HP: 63/66 MP: 10/10
  4401 | D:6      | Reached * piety under Makhleb
  4403 | D:6      | Reached skill level 5 in Axes
  4662 | D:6      | Reached skill level 6 in Staves
  4851 | D:6      | Noticed Duvessa
  4851 | D:6      | Noticed Dowan
  4854 | D:6      | Killed Duvessa
  4854 | D:6      | Reached skill level 5 in Fighting
  4873 | D:6      | Killed Dowan
  4969 | D:6      | Found a blossoming altar of Fedhas.
  5193 | D:7      | Reached XP level 9. HP: 53/74 MP: 11/11
  5199 | D:7      | HP: 3/74 [porcupine (5)]
  5209 | D:7      | Reached skill level 7 in Staves
  5540 | D:7      | Found a sacrificial altar of Ru.
  5726 | D:7      | Found a staircase to the Lair.
  6154 | D:7      | Found a sparkling altar of Nemelex Xobeh.
  6354 | D:8      | Noticed a two-headed ogre
  6362 | D:8      | Killed a two-headed ogre
  6362 | D:8      | Reached skill level 8 in Staves
  6730 | D:8      | Noticed a troll
  6736 | D:8      | Killed a troll
  6802 | D:8      | Reached XP level 10. HP: 84/84 MP: 12/12
  6900 | D:8      | Reached skill level 9 in Staves
  6900 | D:8      | Reached skill level 5 in Armour
  7848 | D:5      | Found a glowing silver altar of Zin.
  7848 | D:5      | Found a deep blue altar of Sif Muna.
  7849 | D:5      | Found a corrupted altar of Lugonu.
  8132 | D:5      | Reached ** piety under Makhleb
  8278 | D:5      | Found an iron altar of Okawaru.
  8647 | D:9      | Found the +16 sapphire dagger {flash freeze, rF- rC++ MR+}
  8673 | D:9      | Reached skill level 10 in Staves
  8846 | D:9      | Noticed a deep elf mage
  8852 | D:9      | Killed a deep elf mage
  8852 | D:9      | Reached skill level 1 in Short Blades
  8957 | D:9      | Noticed a two-headed ogre
  8964 | D:9      | Killed a two-headed ogre
  8964 | D:9      | Reached XP level 11. HP: 72/94 MP: 13/13
  9031 | D:9      | Found Qabboil's Gadget Emporium.
  9298 | D:9      | Noticed an eight-headed hydra
  9304 | D:9      | Killed an eight-headed hydra
  9400 | D:9      | Noticed a two-headed ogre
  9410 | D:9      | Killed a two-headed ogre
  9431 | D:9      | Noticed Psyche
  9442 | D:9      | Killed Psyche
  9445 | D:9      | HP: 4/95 [orc priest/divine providence (7)]
  9447 | D:9      | Slain by an orc warrior

Skill      XL: |  1  2  3  4  5  6  7  8  9 10 11 |
---------------+----------------------------------+-----
Dodging        | 3 4 |  4.7
Stealth        | 3 |  3.0
Staves         | 1 3 5 6 8 10 | 10.5
Fighting       | 2 3 4 5 6 8 |  8.8
Axes           | 1 2 4 6 |  6.3
Armour         | 1 2 3 4 5 6 |  6.4
Short Blades   | 2 4 |  4.2
Maces & Flails | |  1.9

Action                   |  1- 3 |  4- 6 |  7- 9 | 10-12 || total
-------------------------+-------+-------+-------+-------++-------
Melee: Whip              |    84 |       |       |       ||    84
       Bite              |    11 |    14 |    28 |    18 ||    71
       Headbutt          |    16 |    21 |    35 |    39 ||   111
       Mace              |    72 |     6 |       |       ||    78
       Hand axe          |       |   116 |    77 |       ||   193
       War axe           |       |    13 |       |       ||    13
       Battleaxe         |       |       |   102 |       ||   102
       Lajatang          |       |       |    52 |   120 ||   172
       Dagger            |       |       |       |    82 ||    82
Evoke: Wand              |       |       |     1 |     1 ||     2
  Use: Potion            |     2 |       |     5 |     5 ||    12
       Scroll            |     1 |     4 |     2 |       ||     7
 Stab: Sleeping          |     2 |       |       |       ||     2
  Eat: Chunk             |     2 |     4 |    10 |     8 ||    24
       Ration            |       |       |     1 |       ||     1
Armor: Animal skin       |   100 |     2 |       |       ||   102
       Chain mail        |       |    93 |   155 |       ||   248
       Plate armour      |       |       |    16 |   133 ||   149
Dodge: Dodged            |   187 |    50 |    89 |    63 ||   389
